 Dungeon Crawl Stone Soup version 0.21.1-1-g345015f (webtiles) character file.

1536 sking99 the Cleaver (level 8, -1/74 HPs)
             Began as a Hill Orc Monk on July 1, 2018.
             Was an Elder of Makhleb.
             Slain by an orc warrior
             ... wielding a +0 trident of flaming
              (2 damage)
             ... on level 6 of the Dungeon.
             The game lasted 00:13:09 (5557 turns).

sking99 the Cleaver (Hill Orc Monk)                 Turns: 5557, Time: 00:13:10

Health: -1/74      AC: 14    Str: 15    XL:     8   Next: 86%
Magic:  11/11      EV:  7    Int: 10    God:    Makhleb [****..]
Gold:   239        SH:  0    Dex: 14    Spells: 7/7 levels left

rFire    . . .     SeeInvis .   v - +0 war axe
rCold    . . .     Gourm    .   (no shield)
rNeg     . . .     Faith    .   k - +0 chain mail (curse)
rPois    .         Spirit   .   m - +0 helmet
rElec    .         Reflect  .   n - +1 cloak
rCorr    .         Harm     .   t - +0 pair of gloves
MR       .....                  q - +1 pair of boots
Stlth    ..........             r - amulet of magic regeneration
HPRegen  0.22/turn              (no ring)
MPRegen  0.37/turn              (no ring)

@: no status effects
A: no striking features
a: Minor Destruction, Lesser Servant of Makhleb, Major Destruction, Renounce
Religion


You were on level 6 of the Dungeon.
You worshipped Makhleb.
Makhleb was greatly pleased with you.
You were not hungry.

You visited 1 branch of the dungeon, and saw 6 of its levels.

You collected 239 gold pieces.

Inventory:

Hand Weapons
 v - a +0 war axe (weapon)
Armour
 k - a cursed +0 chain mail (worn)
 m - a +0 helmet (worn)
 n - a +1 cloak (worn)
 q - a +1 pair of boots (worn)
 t - a +0 pair of gloves (worn)
Jewellery
 r - an amulet of magic regeneration (around neck)
Wands
 s - a wand of disintegration (10)
Scrolls
 b - a scroll of blinking {unknown}
 d - a scroll of enchant armour
 j - 2 scrolls of teleportation
 l - 2 scrolls of remove curse
 p - a scroll of random uselessness {unknown}
Potions
 e - 3 potions of brilliance {unknown}
 f - 3 potions of curing
 h - 2 potions of heal wounds {unknown}
 i - a potion of agility {unknown}
 o - a potion of lignification {unknown}
 u - 2 potions of haste {unknown}
 w - a potion of berserk rage {unknown}
Books
 g - a book of Minor Magic

   Spells                             Type                      Level
   a - Magic Dart                     Conjuration                  1
   b - Blink                          Translocation                2
   c - Call Imp                       Summoning                    2
   d - Slow                           Hexes                        2
   e - Conjure Flame                  Conjuration/Fire             3
   f - Mephitic Cloud                 Conjuration/Poison/Air       3
Comestibles
 c - 6 rations


   Skills:
 + Level 7.8 Fighting
 * Level 11.2 Axes
 - Level 2.4 Dodging
 - Level 1.5 Stealth
 - Level 5.0 Invocations


You had 7 spell levels left.
You didn't know any spells.

Dungeon Overview and Level Annotations

Branches:
Dungeon (6/15)
 Temple: D:4-7

Altars:
Kikubaaqudgha
Makhleb
Sif Muna
Yredelemnul

Shops:
D:5 (


Message History

Wear which item? (? for menu, Esc to quit)
Okay, then.
Wield which item (- for none, * to show all)? (? for menu, Esc to quit)
v - a +0 war axe (weapon)
There isn't anything here!
Press: ? - help, Shift-Dir - straight line The fireball explodes!
The fireball engulfs something.
The fireball engulfs you! Something hits you.
* * * LOW HITPOINT WARNING * * *
Something burns you.
* * * LOW HITPOINT WARNING * * *
Something hits you.
* * * LOW HITPOINT WARNING * * *
Something burns you.
* * * LOW HITPOINT WARNING * * *
You don't have enough health at the moment.
You feel better. Something hits you!
* * * LOW HITPOINT WARNING * * *
Something burns you.
You die...

.[...........#. ##
........####.. #...........
..#..........###.#...>.....
###........#...............
..#...##...................
..........(..............##
...........................
.....##........#.##........
##...#######..#.@#).###...
....... #...#......).......
.....##...#......#...##....
.[.......##..........# ..
.....#.............#.#
..............<....#.#
.....##.......####)...
#.......# ###... #.......#
#%..


There were no monsters in sight!

Vanquished Creatures
  Eustachio (D:5)
  A sky beast (D:5)
  An ogre (D:4)
  A bullfrog (D:5)
  A scorpion (D:6)
  4 wights
  2 howler monkeys (D:6)
  A hound (D:5)
  An orc priest (D:3)
  5 orc wizards
  2 iguanas (D:6)
  A worker ant (D:5)
  9 adders
  2 gnolls
  2 shadow imps (D:6)
  2 worms
  An adder skeleton (D:4)
  4 dart slugs
  6 leopard geckos
  28 orcs
  A ball python (D:2)
  4 giant cockroaches
  5 goblins
  2 hobgoblins
  6 quokkas
  3 bats
  2 frilled lizards
  6 kobolds
  A leopard gecko skeleton (D:6)
  3 rats
  A spectral orc (D:4)
109 creatures vanquished.

Vanquished Creatures (collateral kills)
  Prince Ribbit (D:6)
  2 ogres
  A gnoll sergeant (D:6)
  A crimson imp (D:6)
  2 orc wizards (D:4)
  A worker ant (D:5)
  2 gnolls (D:6)
  A worm (D:4)
  6 orcs
  A giant cockroach (D:4)
  A quokka (D:4)
  A quokka skeleton (D:4)
20 creatures vanquished.

Grand Total: 129 creatures vanquished

Notes
Turn   | Place    | Note
-------+----------+-------------------------------------------
     0 | D:1      | sking99 the Hill Orc Monk began the quest for the Orb.
     0 | D:1      | Reached XP level 1. HP: 19/19 MP: 1/1
   214 | D:1      | Reached XP level 2. HP: 4/27 MP: 2/2
  1105 | D:2      | Found a burning altar of Makhleb.
  1111 | D:2      | Reached skill level 5 in Axes
  1113 | D:2      | Reached XP level 3. HP: 32/33 MP: 3/3
  1149 | D:2      | Became a worshipper of Makhleb the Destroyer
  1149 | D:2      | Reached * piety under Makhleb
  1149 | D:2      | Reached ** piety under Makhleb
  1712 | D:2      | Reached XP level 4. HP: 41/41 MP: 4/4
  1945 | D:3      | Reached skill level 6 in Axes
  1945 | D:3      | Reached skill level 1 in Invocations
  2032 | D:3      | Reached XP level 5. HP: 47/47 MP: 6/6
  2065 | D:3      | Found a deep blue altar of Sif Muna.
  2203 | D:3      | Reached *** piety under Makhleb
  2444 | D:3      | Found an ancient bone altar of Kikubaaqudgha.
  2670 | D:3      | Reached skill level 5 in Fighting
  3007 | D:4      | Reached skill level 7 in Axes
  3007 | D:4      | Reached XP level 6. HP: 49/56 MP: 7/7
  3168 | D:4      | Found a basalt altar of Yredelemnul.
  3679 | D:5      | Entered Level 5 of the Dungeon
  3788 | D:5      | Noticed a sky beast
  3813 | D:5      | Killed a sky beast
  3813 | D:5      | Reached skill level 8 in Axes
  3813 | D:5      | Reached XP level 7. HP: 19/62 MP: 9/9
  4235 | D:5      | Found Liothill's Antique Weapon Boutique.
  4791 | D:6      | Reached skill level 9 in Axes
  4800 | D:6      | Noticed Eustachio
  5037 | D:5      | Reached skill level 5 in Invocations
  5037 | D:5      | Reached XP level 8. HP: 52/71 MP: 11/11
  5170 | D:5      | Killed Eustachio
  5170 | D:5      | Reached **** piety under Makhleb
  5170 | D:5      | Reached skill level 10 in Axes
  5207 | D:6      | Noticed Prince Ribbit
  5244 | D:6      | Killed Prince Ribbit
  5244 | D:6      | Reached skill level 11 in Axes
  5554 | D:6      | HP: 3/74 [something (2)]
  5557 | D:6      | HP: 1/74 [something (12)]
  5557 | D:6      | Slain by an orc warrior

Skill      XL: |  1  2  3  4  5  6  7  8 |
---------------+-------------------------+-----
Fighting       | 4 5 6 7 |  7.8
Axes           | 5 6 7 8 9 11 | 11.2
Invocations    | 1 2 3 5 |  5.0
Dodging        | |  2.4
Stealth        | |  1.5

Action                   |  1- 3 |  4- 6 |  7- 9 || total
-------------------------+-------+-------+-------++-------
Melee: Hand axe          |    78 |   227 |   198 ||   503
       War axe           |       |       |    40 ||    40
Invok: Lesser Servant of |       |     1 |     4 ||     5
       Major Destruction |       |       |     1 ||     1
  Use: Scroll            |       |     8 |       ||     8
       Potion            |       |       |     1 ||     1
 Stab: Distracted        |       |     1 |       ||     1
  Eat: Chunk             |     2 |     7 |     4 ||    13
       Ration            |       |       |     1 ||     1
Armor: Robe              |    14 |    22 |       ||    36
       Scale mail        |       |    67 |       ||    67
       Chain mail        |       |       |   149 ||   149
Dodge: Dodged            |    45 |   100 |    62 ||   207
